 Dungeon Crawl Stone Soup version 0.31.0-32-g396128a36d (webtiles) character file.

Game seed: 12412325400454859927

215 Egg the Apothecary (level 5, -5/31 HPs)
             Began as an Octopode Alchemist on Mar 22, 2024.
             Slain by Crazy Yiuf
             ... wielding a +3 quarterstaff of chaos
              (18 damage)
             ... on level 2 of the Dungeon.
             The game lasted 00:08:16 (2923 turns).

Egg the Apothecary (Octopode Alchemist)             Turns: 2923, Time: 00:08:16

Health: -5/31      AC:  1    Str:  7    XL:     5   Next: 92%
Magic:  0/8        EV: 13    Int: 20    God:
Gold:   156        SH:  0    Dex: 12    Spells: 3/8 levels left

rFire   . . .        l - +2 mace (drain)
rCold   . . .        (no shield)
rNeg    . . .        (helmet restricted)
rPois   .            (no amulet)
rElec   .            (no ring)
rCorr   .            (no ring)
SInv    .            (no ring)
Will    .....        (no ring)
Stlth   +++          (no ring)
HPRegen 0.25/turn    (no ring)
MPRegen 0.11/turn    (no ring)
                     (no ring)

%: no passive effects
@: radiating poison
A: almost no armour, amphibious, 8 rings, camouflage 1, gelatinous body 1,
(nimble swimmer 1), tentacles
a: no special abilities


You were on level 2 of the Dungeon.
You visited 1 branch of the dungeon, and saw 2 of its levels.

You collected 156 gold pieces.

Inventory:

Hand Weapons
 l - a +2 mace of draining (weapon)
Scrolls
 c - a scroll of fear {unknown}
 d - a scroll of immolation {unknown}
 g - a scroll of vulnerability {unknown}
 i - a scroll of poison {unknown}
 j - a scroll of teleportation {unknown}
Potions
 a - a potion of magic
 b - 2 potions of berserk rage {unknown}
 e - 2 potions of lignification {unknown}
 f - a potion of ambrosia {unknown}
 h - a potion of curing
 k - a potion of degeneration {unknown}
 m - a potion of haste {unknown}


   Skills:
 - Level 2.0 Dodging
 - Level 2.6 Stealth
 - Level 2.0 Spellcasting
 - Level 1.0 Conjurations
 * Level 7.0 Alchemy


You had 3 spell levels left.
You knew the following spells:

 Your Spells              Type           Power      Damage    Failure   Level
a - Sting                 Conj/Alch      72%        1d7       3%          1
b - Olgreb's Toxic Radia  Alch           30%        N/A       9%          4

Your spell library contained the following spells:

 Spells                   Type           Power      Damage    Failure   Level
 Mercury Vapours          Alch/Air       32%        N/A       5%          2
 Magic Dart               Conj           24%        1d4       11%         1
 Mephitic Cloud           Conj/Alch/Air  12%        N/A       16%         3
 Blink                    Tloc           4%         N/A       24%         2
 Call Imp                 Summ           4%         N/A       24%         2
 Sticky Flame             Fire/Alch      16%        2d5       36%         4


Dungeon Overview and Level Annotations

Branches:
Dungeon (2/15)

Altars:

Annotations:
D:2 Crazy Yiuf


Innate Abilities, Weirdness & Mutations

You cannot wear most types of armour.
You are amphibious.
You can wear up to eight rings at the same time.
Your skin changes colour to match your surroundings (Stealth+).
Your rubbery body absorbs attacks. (AC +1, EV +1)
((You are camouflaged when in or above water. (Stealth+)))
You have tentacles for arms and can constrict up to eight enemies at once.


Message History

Found 6 stones.
There is an open door here.
There is an open door here.
You open the door.
A bat comes into view.
There is an open door here.
The helpless bat fails to defend itself.
You hit the bat. Your grab misses the bat. Your squeeze misses the bat.
The bat is heavily wounded.
The bat closely misses you.
You closely miss the bat. You grab the bat. You squeeze the bat.
You kill the bat!
There is an open door here.
There is an open door here.
You open the door.
There is an open door here.
There is an open door here.
Crazy Yiuf shouts!
Crazy Yiuf laughs, "Rot stair agre!"
You start waiting.
Crazy Yiuf whimpers, "Millenium spinner blue!"
Crazy Yiuf whimpers, "Defame Orb Guardian blue!"
Done waiting.
Casting: Sting (safe; 3% risk of failure)
Confirm with . or Enter, or press ? or * to list all spells.
You begin to radiate toxic energy.
Crazy Yiuf whimpers, "Mama!
Gnoll hog toodlewoodle."
Casting: Olgreb's Toxic Radiance (quite dangerous; 9% risk of failure)
Confirm with . or Enter, or press ? or * to list all spells.
Your toxic radiance grows in intensity.
You open the door.
Crazy Yiuf is poisoned.
You sock Crazy Yiuf! Your grab misses Crazy Yiuf.
Your tentacle-slap misses Crazy Yiuf.
Your squeeze misses Crazy Yiuf.
Crazy Yiuf is heavily wounded.
Crazy Yiuf looks even sicker.
Crazy Yiuf hits you with a +3 quarterstaff of chaos!!
Ouch! That really hurt!
You are electrocuted!!
Ouch! That really hurt!
You die...

..........# #....#
##..........#
..######### #....#
#..........#
####### ♣..P.♣
#..........#
......# ♣.PP♣♣
#.###.......
......# ♣♣.♣♣
#...'.......
......# ♣.♣♣
#..##.......
......###### ♣♣.♣
#.(##.......
...........# ♣.♣♣
#..##.......
...........# ♣♣@♣
#..##.......
...........# #g#
#..##.......
...........# ...
#..##.......
###.##.....# #...#
#..##.......
#.#...'..# #..)#
#####.......
###'#.+##..# #####
####....####
...........#
#....[..####
...........###
##########........
.........###'#
#.....# #....#...


You could see Crazy Yiuf (very poisoned).

Vanquished Creatures
  Terence (D:2)
  Robin (D:2)
  4 gnolls (D:2)
  7 adders (D:2)
  3 dart slugs
  2 ribbon worms (D:2)
  3 ball pythons
  4 bats (D:2)
  8 endoplasms
  3 giant cockroaches
  6 hobgoblins
  4 quokkas
  5 frilled lizards
  9 goblins
  7 kobolds
  3 rats
70 creatures vanquished.

Notes
Turn   | Place    | Note
-------+----------+-------------------------------------------
     0 | D:1      | Egg the Octopode Alchemist began the quest for the Orb.
     0 | D:1      | Reached XP level 1. HP: 11/11 MP: 3/3
   152 | D:1      | Reached XP level 2. HP: 16/17 MP: 5/5
   281 | D:1      | Reached skill level 4 in Alchemy
   875 | D:1      | Reached XP level 3. HP: 20/21 MP: 6/6
  1054 | D:2      | Found a runed translucent door.
  1055 | D:2      | Noticed Crazy Yiuf
  1299 | D:2      | Noticed Terence
  1326 | D:2      | Reached skill level 5 in Alchemy
  1360 | D:2      | Reached XP level 4. HP: 27/27 MP: 1/7
  1365 | D:2      | Learned a level 4 spell: Olgreb's Toxic Radiance
  1529 | D:2      | Killed Terence
  1693 | D:2      | Reached skill level 6 in Alchemy
  1786 | D:2      | Reached XP level 5. HP: 24/31 MP: 6/8
  2058 | D:2      | Noticed Robin
  2063 | D:2      | Killed Robin
  2342 | D:2      | Reached skill level 7 in Alchemy
  2923 | D:2      | Slain by Crazy Yiuf

Illustrated notes

Levels and vault maps discovered:
D:1:      lightli_arrival_boilingwater, layout_basic
D:2:      minmay_thinvault, layout_basic, serial_bayou_lagoon_a,
          uniq_crazy_yiuf_cottage, uniq_robin, uniq_terence

Skill      XL: |  1  2  3  4  5 |
---------------+----------------+-----
Alchemy        | 4 5 6 7 |  7.0
Dodging        | |  2.0
Stealth        | |  2.6
Spellcasting   | |  2.0
Conjurations   | |  1.0

Action                     |  1- 3 |  4- 6 || total
---------------------------+-------+-------++-------
  Melee: Club              |    20 |       ||    20
         Tentacles         |    20 |    10 ||    30
         Constrict         |    16 |    11 ||    27
         Short sword       |    42 |     4 ||    46
         Mace              |       |    57 ||    57
         Punch             |       |     1 ||     1
   Cast: Sting             |    13 |    12 ||    25
         Olgreb's Toxic Ra |       |    10 ||    10
    Use: Potion            |       |     1 ||     1
   Stab: Sleeping          |     8 |     3 ||    11
 Armour: Skin              |    20 |    31 ||    51
  Dodge: Dodged            |    39 |    42 ||    81
